 Dungeon Crawl Stone Soup version 0.18.1-50-g88ac8fd (webtiles) character file.

11690 Drunkenshrew the Fighter (level 11, -1/87 HPs)
             Began as a Demonspawn Gladiator on Sept 21, 2016.
             Was an Elder of Trog.
             Slain by an orc knight
             ... wielding a +0 war axe
              (22 damage)
             ... on level 1 of the Orcish Mines.
             The game lasted 00:49:26 (8168 turns).

Drunkenshrew the Fighter (Demonspawn Gladiator)     Turns: 8168, Time: 00:49:27

Health: -1/87      AC: 24    Str: 19    XL:     11   Next: 52%
Magic:  11/11      EV: 14    Int: 10    God:    Trog [****..]
Gold:   310        SH:  0    Dex: 13    Spells: 0 memorised, 10 levels left

rFire  . . .     SeeInvis .     l - +6 dagger (speed)
rCold  . . .     Gourm    .     k - +5 chain mail
rNeg   . . .     Faith    .     (no shield)
rPois  .         Spirit   .     c - +0 helmet
rElec  .         Dismiss  .     (no cloak)
rCorr  .         Reflect  .     A - +0 pair of gloves
SustAt .         Harm     .     q - +2 pair of boots {run}
MR     .....                    t - amulet of regeneration
Stlth  ..........               I - ring of loudness (curse)
                                h - +3 ring of protection

@: very slightly contaminated, quick, not resistant to hostile enchantments,
extremely unstealthy
A: talons 2, repulsion field 2, nightstalker 1, spiny 2
a: Berserk, Trog's Hand, Brothers in Arms, Burn Spellbooks, Renounce Religion


You were on level 1 of the Orcish Mines.
You worshipped Trog.
Trog was greatly pleased with you.
You were hungry.

You visited 3 branches of the dungeon, and saw 12 of its levels.

You collected 971 gold pieces.
You spent 661 gold pieces at shops.

Inventory:

Hand Weapons
 l - a +6 dagger of speed (weapon)
Missiles
 d - 3 throwing nets (quivered)
Armour
 c - a +0 helmet (worn)
 k - a +5 chain mail (worn)
 q - a +2 pair of boots of running (worn)
 A - a +0 pair of gloves (worn)
 J - a +2 plate armour of cold resistance
Jewellery
 h - a +3 ring of protection (left hand)
 i - an uncursed amulet of harm
 m - an uncursed ring of protection from fire {unknown}
 t - an amulet of regeneration (around neck)
 z - an uncursed ring of protection from fire {unknown}
 I - a cursed ring of loudness (right hand)
Wands
 u - a wand of slowing (48/48)
 x - a wand of paralysis (9/24)
 G - a wand of flame (10/48)
 H - a wand of slowing (22/48)
Scrolls
 o - 2 scrolls of amnesia
 w - 7 scrolls of teleportation
 y - a scroll of fog
 K - a scroll of recharging
Potions
 e - 2 potions of cancellation
 j - 3 potions of resistance
 p - a potion of cure mutation
 r - a potion of haste
 s - 2 potions of curing
 v - 2 potions of brilliance
 D - 4 potions of lignification
 E - a potion of berserk rage
 F - a potion of flight
 L - a potion of agility
 M - a potion of might {unknown}
Comestibles
 f - 8 bread rations
 g - 8 meat rations
 C - 14 fruits


   Skills:
 + Level 8.9 Fighting
 + Level 6.7 Short Blades
   Level 2.6 Axes
 - Level 1.7 Throwing
 + Level 7.9 Armour
 + Level 8.3 Dodging
 + Level 7.3 Unarmed Combat


You had 10 spell levels left.
You didn't know any spells.

Dungeon Overview and Level Annotations

Branches:
Dungeon (9/15)             Temple (1/1) D:6             Orc (2/2) D:9
    Elf (0/3) Orc:2
   Lair: D:8-11

Altars:
Cheibriados
Dithmenos
Elyvilon
Fedhas
Gozag
Kikubaaqudgha
Makhleb
Nemelex Xobeh
Pakellas
Qazlal
Ru
Sif Muna
Trog
Vehumet
Xom
Yredelemnul
Zin
The Shining One
Beogh

Shops:
D:5 ?(*   D:9 (   Orc:2 *


Innate Abilities, Weirdness & Mutations

You have razor-sharp toenails.
You are surrounded by a moderate repulsion field (EV +3).
You are slightly more attuned to the shadows.
You are mostly covered in sharp spines.


Message History

You hit the orc knight but do no damage.
The orc knight is severely wounded.
The orc knight hits you with a war axe!
* * * LOW HITPOINT WARNING * * *
Unknown command.
You closely miss the orc knight.
The orc knight is severely wounded.
You puncture the orc knight!
The orc knight is almost dead.
Your chain mail prevents you from hitting the orc knight.
The orc knight is almost dead.
The orc knight barely misses you.
You barely miss the orc knight.
The orc knight is almost dead.
You closely miss the orc knight.
The orc knight is almost dead.
You barely miss the orc knight.
The orc knight is almost dead.
The orc knight hits you with a war axe!!
You die...

#.......................#.
#............[.........###
##...........).........#
#....#.....[..>....##[##
##..#..............#...##
#.................#[#...#
##..#...........##[)[...#
####..............<[).#.##
##.#.......@........(..###
#..........o...........##
##........#........(....#
###.##..####.##.#.###.##
####### ######## ###


You could see an orc knight.

Vanquished Creatures
  A stone giant (Orc:2)
  Snorg (Orc:1)
  Fannar (Orc:1)
  3 orc high priests
  A deep elf mage (Orc:2)
  An orc knight (Orc:2)
  An efreet (D:9)
  2 trolls
  3 yaks (D:6)
  3 wargs
  A water moccasin (D:7)
  14 orc warriors
  A necrophage (D:7)
  A black bear (D:8)
  3 ice beasts
  8 ogres
  3 phantoms
  2 centaurs
  7 giant frogs
  6 killer bees (D:8)
  6 howler monkeys
  2 crimson imps
  A quasit (D:9)
  8 orc priests
  A gnoll shaman (D:5)
  3 hounds
  An iguana (D:7)
  6 worker ants
  14 orc wizards
  2 hound zombies
  Robin (D:3)
  9 gnolls
  7 adders
  2 shadow imps (D:6)
  2 adder zombies
  4 worms
  4 dart slugs
  4 giant geckos
  50 orcs
  7 giant cockroaches
  19 goblins
  10 hobgoblins
  12 jackals
  6 quokkas
  A ball python (D:5)
  8 bats
  A giant gecko skeleton (D:7)
  5 giant newts
  5 kobolds
  A quokka zombie (D:5)
  4 rats
269 creatures vanquished.

Vanquished Creatures (collateral kills)
  An orc wizard (Orc:2)
  An orc (Orc:2)
2 creatures vanquished.

Vanquished Creatures (others)
  An orc sorcerer (Orc:1)
  An orc (D:9)
2 creatures vanquished.

Grand Total: 273 creatures vanquished

Notes
Turn   | Place    | Note
--------------------------------------------------------------
     0 | D:1      | Drunkenshrew the Demonspawn Gladiator began the quest for the Orb.
     0 | D:1      | Reached XP level 1. HP: 16/16 MP: 1/1
   266 | D:1      | Reached skill level 1 in Armour
   350 | D:1      | Gained mutation: You are partially covered in sharp spines. [demonic ancestry]
   350 | D:1      | Reached XP level 2. HP: 22/22 MP: 2/2
   589 | D:2      | Reached XP level 3. HP: 28/28 MP: 3/3
   591 | D:2      | Reached skill level 1 in Unarmed Combat
   614 | D:2      | Gained mutation: You have sharp toenails. [demonic ancestry]
   614 | D:2      | Reached XP level 4. HP: 14/34 MP: 4/4
   821 | D:2      | Found a faded altar to an unknown god.
   844 | D:2      | Found a sparkling altar of Nemelex Xobeh.
  1161 | D:3      | Noticed an ice beast
  1171 | D:3      | Killed an ice beast
  1171 | D:3      | Gained mutation: You are mostly covered in sharp spines. [demonic ancestry]
  1171 | D:3      | Reached XP level 5. HP: 41/41 MP: 5/5
  1585 | D:3      | Noticed Robin
  1596 | D:3      | Killed Robin
  1783 | D:4      | Reached XP level 6. HP: 48/48 MP: 6/6
  2401 | D:5      | Entered Level 5 of the Dungeon
  2447 | D:5      | Reached XP level 7. HP: 50/55 MP: 7/7
  2473 | D:5      | Reached skill level 5 in Fighting
  2473 | D:5      | Reached skill level 1 in Short Blades
  2501 | D:5      | Found Pijerey's Assorted Antiques.
  2540 | D:5      | Bought a pair of runed boots for 94 gold pieces
  2546 | D:5      | Identified a +1 pair of boots of running (You bought it in a shop on level 5 of the Dungeon)
  2626 | D:5      | Gained mutation: You have razor-sharp toenails. [demonic ancestry]
  2626 | D:5      | Reached XP level 8. HP: 46/63 MP: 8/8
  2831 | D:5      | Found Anaom's Weapon Shoppe.
  2939 | D:5      | Found Jupal's Book Shop.
  3124 | D:5      | Found Geisch's Magic Scroll Boutique.
  3127 | D:5      | Bought a scroll of identify for 30 gold pieces
  3127 | D:5      | Bought a scroll of remove curse for 45 gold pieces
  3127 | D:5      | Bought a scroll of identify for 30 gold pieces
  3127 | D:5      | Bought a scroll of identify for 30 gold pieces
  3553 | D:6      | Got a heavily runed ring mail
  3554 | D:6      | Identified the +0 ring mail "Zyhan" {-Cast MR+ rCorr} (You found it on level 6 of the Dungeon)
  3672 | D:6      | Found a staircase to the Ecumenical Temple.
  3704 | Temple   | Entered the Ecumenical Temple
  4053 | Temple   | Became a worshipper of Trog the Wrathful
  4198 | D:6      | Reached skill level 5 in Dodging
  4458 | D:6      | Gained mutation: You are surrounded by a mild repulsion field (EV +2). [demonic ancestry]
  4458 | D:6      | Reached XP level 9. HP: 69/69 MP: 9/9
  4567 | D:6      | Reached skill level 5 in Armour
  4968 | D:7      | Reached * piety under Trog
  4993 | D:7      | Found an opulent altar of Gozag.
  5666 | D:8      | Reached ** piety under Trog
  5679 | D:8      | Reached skill level 5 in Unarmed Combat
  6136 | D:8      | Found a blossoming altar of Fedhas.
  6202 | D:9      | Noticed an efreet
  6218 | D:9      | Killed an efreet
  6218 | D:9      | Gained mutation: You are surrounded by a moderate repulsion field (EV +3). [demonic ancestry]
  6218 | D:9      | Reached XP level 10. HP: 79/79 MP: 10/10
  6245 | D:9      | Reached skill level 5 in Short Blades
  6301 | D:9      | Found a white marble altar of Elyvilon.
  6301 | D:9      | Found an opulent altar of Gozag.
  6304 | D:9      | Found a deep blue altar of Sif Muna.
  6334 | D:9      | Reached *** piety under Trog
  6335 | D:9      | Found a staircase to the Orcish Mines.
  6743 | D:9      | Found Jirud's Antique Weapon Shoppe.
  7016 | Orc:1    | Entered Level 1 of the Orcish Mines
  7059 | Orc:1    | Noticed Snorg
  7089 | Orc:1    | Killed Snorg
  7093 | Orc:1    | Noticed Fannar
  7097 | Orc:1    | Noticed an orc high priest
  7099 | Orc:1    | Noticed a sixfirhy
  7103 | Orc:1    | Noticed a soul eater
  7220 | Orc:1    | Killed an orc high priest
  7231 | Orc:1    | Noticed an orc sorcerer
  7239 | Orc:1    | Noticed a smoke demon
  7239 | Orc:1    | Killed Fannar
  7243 | Orc:1    | Killed an orc sorcerer
  7480 | Orc:1    | Noticed an orc high priest
  7502 | Orc:1    | Killed an orc high priest
  7502 | Orc:1    | Gained mutation: You are slightly more attuned to the shadows. [demonic ancestry]
  7502 | Orc:1    | Reached XP level 11. HP: 87/87 MP: 11/11
  7513 | Orc:1    | Found a roughly hewn altar of Beogh.
  7570 | Orc:2    | Entered Level 2 of the Orcish Mines
  7570 | Orc:2    | Found Juticac's Assorted Antiques.
  7576 | Orc:2    | Bought a scroll of enchant weapon for 240 gold pieces
  7576 | Orc:2    | Bought a coral ring for 160 gold pieces
  7576 | Orc:2    | Bought a scroll labeled QAROXK DOAM for 32 gold pieces
  7587 | Orc:2    | Found a staircase to the Elven Halls.
  7612 | Orc:2    | Reached **** piety under Trog
  7619 | Orc:2    | Noticed an orc knight
  7659 | Orc:2    | Killed an orc knight
  7696 | Orc:2    | Noticed a deep elf mage
  7710 | Orc:2    | Killed a deep elf mage
  7893 | Orc:2    | Noticed an orc high priest
  7894 | Orc:2    | Noticed an orc sorcerer
  7895 | Orc:2    | Noticed a sun demon
  7895 | Orc:2    | Noticed an orc knight
  7897 | Orc:2    | Noticed an orc sorcerer
  7901 | Orc:2    | Noticed an orc high priest
  7903 | Orc:2    | Noticed an orc knight
  7904 | Orc:2    | Noticed an orc knight
  7906 | Orc:2    | Noticed an orc high priest
  7908 | Orc:2    | Noticed an orc sorcerer
  7911 | Orc:2    | Killed an orc high priest
  7936 | Orc:2    | Noticed a stone giant
  7940 | Orc:2    | Noticed a sun demon
  8083 | Orc:2    | Killed a stone giant
  8106 | Orc:1    | HP: 1/87 [orc knight/war axe (13)]
  8168 | Orc:1    | Slain by an orc knight

Skill      XL: |  1  2  3  4  5  6  7  8  9 10 11 |
---------------+----------------------------------+-----
Armour         | 1 2 3 4 6 7 |  7.9
Dodging        | 3 4 5 6 7 8 |  8.3
Unarmed Combat | 1 2 3 4 5 6 7 |  7.3
Fighting       | 3 4 5 6 7 8 |  8.9
Short Blades   | 2 3 4 6 |  6.7
Axes           | |  2.6
Throwing       | |  1.7

Action                   |  1- 3 |  4- 6 |  7- 9 | 10-12 || total
-------------------------+-------+-------+-------+-------++-------
Melee: War axe           |    48 |    12 |       |       ||    60
       Dagger            |       |    78 |   308 |   425 ||   811
       Kick              |       |    30 |     9 |       ||    39
       Punch             |       |       |     8 |    12 ||    20
Invok: Burn Spellbooks   |       |       |     2 |     1 ||     3
       Berserk           |       |       |     1 |     5 ||     6
       Trog's Hand       |       |       |       |     3 ||     3
  Use: Scroll            |       |    16 |     7 |     8 ||    31
       Potion            |       |       |     1 |     4 ||     5
 Stab: Invisible         |       |       |       |     4 ||     4
  Eat: Pizza             |       |     1 |     1 |       ||     2
       Fruit             |       |     4 |     1 |     1 ||     6
       Bread ration      |       |       |     1 |       ||     1
       Royal jelly       |       |       |     1 |     1 ||     2
       Meat ration       |       |       |     1 |     1 ||     2
       Beef jerky        |       |       |       |     1 ||     1
Armor: Chain mail        |    56 |    41 |   110 |   139 ||   346
Dodge: Dodged            |    29 |    26 |   121 |   182 ||   358
